 Dungeon Crawl Stone Soup version 0.01-2116-g4fbfe89bb7 (webtiles) character file.

Game seed: 9287965018781662619, levelgen mode: deterministic

84 Lanoc the Unbeliever (level 4, -4/38 HPs) Gnoll Demonspawn. Began on June 13, 2020. Slain by a bullfrog (6 damage) ... on level 2 of the Dungeon. The game lasted 00:00:38 (107 turns).

Lanoc the Unbeliever (Gnoll Demonspawn)              Turns: 107, Time: 00:00:38

Health: -4/38      AC:  3    Str: 16    XL:     4 ^: 44
Magic:  0/11       EV: 16    Int: 14    God:
Gold:   23         SH:  0    Dex: 16    Spells: 12/13 levels left

rFire    . . .     Vision   .   a - +0 war axe
rCold    . . .     Gourm    .     - Unarmed
rNeg     . . .     Faith    .   b - +0 leather armour
rPois    .         Spirit   +   (no helmet)
rElec    .         Reflect  .   (no cloak)
rCorr    .         Harm     .   (no gloves)
MR       .....                  (no boots)
Stlth    ++........             (no amulet)
HPRegen  0.22/turn              (no ring)
MPRegen  0.21/turn              (no ring)

@: no status effects
A: distributed training, fangs 1, hooves 1, magic shield, sturdy frame 1, strong
nose
a: no special abilities


You were on level 2 of the Dungeon.
You were not hungry.

You visited 1 branch of the dungeon, and saw 2 of its levels.

You collected 23 gold pieces.

Inventory:

Weapons
 a - a +0 war axe (weapon)
Armour
 b - a +0 leather armour (worn)
Comestibles
 d - a ration


   Skills:
 + Level 4.6 Fighting
 + Level 1.0 Short Blades
 + Level 1.0 Long Blades
 + Level 4.6 Axes & Hammers
 + Level 1.0 Whips & Flails
 + Level 1.0 Polearms
 + Level 1.0 Maces & Staves
 + Level 1.0 Slings
 + Level 1.0 Bows
 + Level 1.0 Crossbows
   Level 0.0 Throwing
 + Level 1.0 Armour
 + Level 6.5 Dodging
 + Level 4.2 Stealth
 + Level 1.0 Shields
 + Level 1.0 Unarmed Combat
 + Level 5.0 Spellcasting
 + Level 0.7 Hexes
 + Level 0.7 Charms
 + Level 0.7 Summonings
 + Level 0.7 Necromancy
 + Level 0.7 Translocations
 + Level 0.7 Transmutations
 + Level 0.7 Fire Magic
 + Level 0.7 Ice Magic
 + Level 0.7 Air Magic
 + Level 0.7 Earth Magic
 + Level 0.7 Poison Magic
 + Level 6.8 Invocations
 + Level 1.0 Evocations


You had 12 spell levels left.
You knew the following spells:

 Your Spells              Type           Power        Failure   Level  Hunger
a - Flame Tongue          Fire           5 (40)       13%         1    None

Your spell library contained the following spells:

 Spells                   Type           Power        Failure   Level  Hunger
 Blink                    Tloc           N/A          19%         2    ##.....
 Call Imp                 Summ           5 (100)      19%         2    ##.....
 Slow                     Hex            5 (100)      19%         2    ##.....
 Conjure Flame            Fire           5 (100)      36%         3    ###....
 Mephitic Cloud           Pois/Air       5 (100)      36%         3    ###....


Dungeon Overview and Level Annotations

Branches:
Dungeon (2/8)

Altars:
Trog

Annotations:
D:2 Purgy


Innate Abilities, Weirdness & Mutations

Your experience applies equally to all skills.
You have very sharp teeth.
You have large cloven feet.
When hurt, damage is shared between your health and your magic reserves.
Your movements are slightly less encumbered by armour. (ER -2)
Your uncanny sense of smell can sniff out nearby items.


Message History

You kick Purgy (2).
Purgy is lightly wounded. (31/34) HP Purgy misses you (0).
Purgy claws you but does no damage. Purgy claws you (4).
* * * LOW HITPOINT WARNING * * *
The worm bites you (3).
* * * LOW HITPOINT WARNING * * *
Unknown command.
You hit Purgy (4).
Purgy is lightly wounded. (28/34) HP You hit the bullfrog (2).
You hit the worm (1). You hit Purgy but do no damage. You kick Purgy (1).
Purgy is moderately wounded. (27/34) HP The bullfrog closely misses you (0).
The bullfrog misses you (0). Purgy bites you (3).
* * * LOW HITPOINT WARNING * * *
Purgy barely misses you (0). Purgy claws you (1).
Unknown command.
Unknown command.
The bullfrog hits you (7)!
You die...

# ∆ ... ##≈ #≈#
#.≈# #.#
....######..#
...≈.≈...≈#
..........###
..........#≈##
........_....##
.......@T...≈≈#
.......wF....≈#
......)†).....#
..............≈#
..............≈.
.............≈##
...)........P##
............##
............#


You could see Purgy, a bullfrog and a worm.

Vanquished Creatures
  A big kobold (D:2)
  A leopard gecko (D:2)
  An adder skeleton (D:2)
  A ball python (D:2)
  A giant cockroach (D:1)
  2 goblins (D:1)
  7 kobolds (D:2)
14 creatures vanquished.

Notes
Turn   | Place    | Note
-------+----------+-------------------------------------------
     0 | D:1      | Lanoc the Gnoll Demonspawn began the quest for the Orb.
     0 | D:1      | Reached XP level 1. HP: 20/20 MP: 6/6
    80 | D:2      | Found a bloodstained altar of Trog.
    82 | D:2      | Noticed a big kobold
    87 | D:2      | Gained mutation: You have large cloven feet. [demonic
                  | ancestry]
    87 | D:2      | Reached XP level 2. HP: 22/26 MP: 7/7
    95 | D:2      | HP: 1/26 [kobold[a big kobold] (1)]
   100 | D:2      | Noticed Purgy
   103 | D:2      | Killed a big kobold
   103 | D:2      | Reached skill level 1 in Short Blades
   103 | D:2      | Reached skill level 1 in Long Blades
   103 | D:2      | Reached skill level 1 in Whips & Flails
   103 | D:2      | Reached skill level 1 in Polearms
   103 | D:2      | Reached skill level 1 in Maces & Staves
   103 | D:2      | Reached skill level 1 in Slings
   103 | D:2      | Reached skill level 1 in Bows
   103 | D:2      | Reached skill level 1 in Crossbows
   103 | D:2      | Reached skill level 1 in Armour
   103 | D:2      | Reached skill level 1 in Shields
   103 | D:2      | Reached skill level 1 in Unarmed Combat
   103 | D:2      | Reached skill level 5 in Spellcasting
   103 | D:2      | Reached skill level 1 in Evocations
   103 | D:2      | Gained mutation: When hurt, damage is shared between your
                  | health and your magic reserves. [demonic ancestry]
   103 | D:2      | Reached XP level 3. HP: 3/31 MP: 7/9
   103 | D:2      | Gained mutation: Your movements are slightly less
                  | encumbered by armour. (ER -2) [demonic ancestry]
   103 | D:2      | Reached XP level 4. HP: 4/38 MP: 8/11
   107 | D:2      | Slain by a bullfrog

Levels and vault maps discovered:
D:1:      evilmike_arrival_crescent, layout_basic, minmay_mini_ossuary
D:2:      layout_sewer, bloody_trog, gammafunk_temple_overflow_arena, uniq_purgy

Skill      XL: |  1  2 |
---------------+-------+-----
Short Blades   | 1 |  1.0
Long Blades    | 1 |  1.0
Whips & Flails | 1 |  1.0
Polearms       | 1 |  1.0
Maces & Staves | 1 |  1.0
Slings         | 1 |  1.0
Bows           | 1 |  1.0
Crossbows      | 1 |  1.0
Armour         | 1 |  1.0
Shields        | 1 |  1.0
Unarmed Combat | 1 |  1.0
Spellcasting   | 5 |  5.0
Evocations     | 1 |  1.0
Fighting       | |  4.6
Axes & Hammers | |  4.6
Dodging        | |  6.5
Stealth        | |  4.2
Hexes          | |  0.7
Charms         | |  0.7
Summonings     | |  0.7
Necromancy     | |  0.7
Translocations | |  0.7
Transmutations | |  0.7
Fire Magic     | |  0.7
Ice Magic      | |  0.7
Air Magic      | |  0.7
Earth Magic    | |  0.7
Poison Magic   | |  0.7
Invocations    | |  6.8

Action                   |  1- 3 |  4- 6 || total
-------------------------+-------+-------++-------
Melee: War axe           |    22 |     3 ||    25
       Unarmed           |    14 |     3 ||    17
       Bite              |     2 |       ||     2
       Kick              |     6 |     3 ||     9
  Use: Potion            |     1 |       ||     1
 Stab: Sleeping          |     1 |       ||     1
Armor: Leather armour    |     1 |     1 ||     2
Dodge: Dodged            |    41 |     6 ||    47
